 Dungeon Crawl Stone Soup version 0.21.1-1-g345015fe64 (webtiles) character file.

46 Mrkan the Ruffian (level 3, -3/32 HPs)
             Began as a Troll Monk on May 9, 2018.
             Was a Believer of Hepliaklqana.
             Slain by a hobgoblin (5 damage)
             ... led by Robin
             ... on level 2 of the Dungeon.
             The game lasted 00:02:54 (995 turns).

Mrkan the Ruffian (Troll Monk)                       Turns: 995, Time: 00:02:55

Health: -3/32      AC:  5    Str: 19    XL:     3   Next: 46%
Magic:  2/2        EV: 10    Int:  6    God:    Hepliaklqana [**....]
Gold:   67         SH:  0    Dex: 13    Spells: 2/2 levels left

rFire    . . .     SeeInvis .     - Unarmed
rCold    . . .     Gourm    +   (no shield)
rNeg     . . .     Faith    .   a - +0 robe
rPois    .         Spirit   .   (helmet restricted)
rElec    .         Reflect  .   (no cloak)
rCorr    .         Harm     .   (gloves unavailable)
MR       .....                  (boots unavailable)
Stlth    ++........             (no amulet)
HPRegen  0.50/turn              (no ring)
MPRegen  0.08/turn              (no ring)

@: very slow
A: large, unfitting armour, reduced essence, claws 3, fast metabolism 3,
gourmand, regeneration 1, shaggy fur 1, tough skin 2
a: Ancestor Life: Knight, Ancestor Life: Battlemage, Ancestor Life: Hexer,
Recall Ancestor, Ancestor Identity, Renounce Religion


You were on level 2 of the Dungeon.
You worshipped Hepliaklqana.
Hepliaklqana was pleased with you.
You were very full.

You visited 1 branch of the dungeon, and saw 2 of its levels.

You collected 67 gold pieces.

Inventory:

Armour
 a - a +0 robe (worn)
Scrolls
 g - a scroll of identify {unknown}
 i - a scroll of magic mapping {unknown}
Potions
 c - 2 potions of curing {unknown}
 d - a potion of resistance {unknown}
 e - a potion of ambrosia {unknown}
 f - a potion of magic {unknown}
 j - a potion of berserk rage {unknown}
Comestibles
 b - 5 rations
 h - 6 chunks of flesh


   Skills:
 - Level 2.4 Fighting
 - Level 2.4 Dodging
 - Level 1.0 Stealth
 * Level 4.5 Unarmed Combat


You had 2 spell levels left.
You didn't know any spells.

Dungeon Overview and Level Annotations

Branches:
Dungeon (2/15)

Altars:
Hepliaklqana
Okawaru

Annotations:
D:2 Robin


Innate Abilities, Weirdness & Mutations

You are too large for most types of armour.
You have claws for hands.
Your metabolism is lightning-fast.
You like to eat raw meat.
Your natural rate of healing is unusually fast.
You are covered in fur. (AC +1)
You have very tough skin. (AC +2)
Your life essence is reduced to manifest your ancestor. (-10% HP)


Message History

* * * LOW HITPOINT WARNING * * *
The goblin hits you.
* * * LOW HITPOINT WARNING * * *
The hobgoblin closely misses you. The goblin closely misses you.
You scratch the goblin.
The goblin is heavily wounded.
The hobgoblin splashes around in the water.
The quokka bites you but does no damage.
The hobgoblin splashes around in the water.
The goblin splashes around in the water.
The goblin closely misses you.
You barely miss the goblin.
The goblin is heavily wounded.
The quokka bites you.
* * * LOW HITPOINT WARNING * * *
The hobgoblin hits you.
* * * LOW HITPOINT WARNING * * *
The goblin hits the plant with a club.
The goblin closely misses you. The hobgoblin hits you.
You die...

#...≈≈.
##♣≈..≈♣♣ .
###≈≈≈..≈≈♣≈.
#♣P≈≈≈≈≈..≈≈P♣
#♣P≈≈≈≈.)..≈≈≈♣
#≈≈P≈≈≈g.gg≈≈≈♣
#♣≈PPggg..≈≈≈♣♣
♣♣Pgrg♣...≈≈P♣
#♣≈≈≈@gP≈...≈≈♣
#≈≈≈≈≈gP≈..≈≈≈♣
....
#.≈P≈≈≈P...PP♣♣
#..#
#.#PP≈≈P≈..≈P♣
#..#
#.#≈≈≈≈≈≈...♣.
#..#
#.#♣≈≈≈≈P.....
<...
#.#♣≈≈≈≈♣.....
#.#.
#..#P≈≈≈♣....
#.#. #..#≈≈≈P♣
#.##


You could see Robin, a quokka, 2 hobgoblins and 7 goblins.

Vanquished Creatures
  An ooze (D:1)
  A worm (D:2)
  A leopard gecko (D:2)
  A ball python (D:1)
  4 bats
  6 goblins
  3 hobgoblins
  3 frilled lizards
  8 kobolds
  6 rats
34 creatures vanquished.

Vanquished Creatures (collateral kills)
  A leopard gecko (D:2)
  A goblin (D:2)
  A kobold (D:2)
3 creatures vanquished.

Vanquished Creatures (others)
  An ancestor (D:2)
1 creature vanquished.

Grand Total: 38 creatures vanquished

Notes
Turn   | Place    | Note
-------+----------+-------------------------------------------
     0 | D:1      | Mrkan the Troll Monk began the quest for the Orb.
     0 | D:1      | Reached XP level 1. HP: 22/22 MP: 0/0
   138 | D:1      | Reached XP level 2. HP: 26/29 MP: 1/1
   392 | D:1      | Reached skill level 4 in Unarmed Combat
   489 | D:1      | Found a hazy altar of Hepliaklqana.
   516 | D:1      | Became a worshipper of Hepliaklqana the Forgotten
   516 | D:1      | Reached * piety under Hepliaklqana
   516 | D:1      | Reached ** piety under Hepliaklqana
   721 | D:2      | Reached XP level 3. HP: 32/32 MP: 2/2
   924 | D:2      | Found an iron altar of Okawaru.
   984 | D:2      | Noticed Robin
   995 | D:2      | Slain by a hobgoblin

Skill      XL: |  1  2 |
---------------+-------+-----
Unarmed Combat | 4 |  4.5
Fighting       | |  2.4
Dodging        | |  2.4
Stealth        | |  1.0

Action                   || total
-------------------------++-------
Melee: Unarmed           ||    89
  Eat: Chunk             ||    14
Armor: Robe              ||    35
Dodge: Dodged            ||    56
